 Dungeon Crawl Stone Soup version 0.31.0-11-ge490571c62 (webtiles) character file.

Game seed: 8097936976469241540

17193 ChodeyFoster420 the Severer (level 12, -14/81 HPs)
             Began as a Demonspawn Berserker on Feb 8, 2024.
             Was a High Priest of Trog.
             Demolished by a two-headed ogre
             ... wielding a +0 giant spiked club
              (16 damage)
             ... on level 12 of the Dungeon on Feb 11, 2024.
             The game lasted 00:54:37 (12877 turns).

ChodeyFoster420 the Severer (Demonspawn Berserker) Turns: 12877, Time: 00:54:40

Health: -14/81     AC: 23    Str: 28    XL:     12   Next: 16%
Magic:  12/12      EV:  6    Int:  9    God:    Trog [*****.]
Gold:   536        SH: 10    Dex: 12    Spells: 11/11 levels left

rFire   . . .        d - +3 broad axe (elec)
rCold   . . .        D - +2 kite shield
rNeg    . . .        t - +0 plate armour
rPois   +            h - +1 helmet
rElec   .            f - scarf {repulsion}
rCorr   .            p - +2 pair of gloves
SInv    .            B - +2 pair of boots {Fly}
Will    .....        (no amulet) Stlth
                     c - ring of poison resistance
HPRegen 0.33/turn    q - +6 ring of strength
MPRegen 0.13/turn

%: repel missiles
@: on berserk cooldown, flying, slowed, very slow
A: slimy green scales 3, demonic guardian 1, demonic magic 1
a: Renounce Religion, Berserk, Trog's Hand, Brothers in Arms


You were on level 12 of the Dungeon.
You worshipped Trog.
Trog was extremely pleased with you.
You visited 1 branch of the dungeon, and saw 12 of its levels.
You also visited: Ossuary and Bailey.

You collected 730 gold pieces.
You spent 194 gold pieces at shops.

Inventory:

Hand Weapons
 d - a +3 broad axe of electrocution (weapon)
 v - a +0 battleaxe
Missiles
 e - 24 boomerangs (quivered)
Armour
 f - a scarf of repulsion (worn)
 h - a +1 helmet (worn)
 p - a +2 pair of gloves (worn)
 t - a +0 plate armour (worn)
 B - a +2 pair of boots of flying (worn)
 D - a +2 kite shield (worn)
Jewellery
 c - a ring of poison resistance (left hand)
 n - a ring of flight
 o - a +6 ring of intelligence
 q - a +6 ring of strength (right hand)
Wands
 b - a wand of flame (14)
 m - a wand of paralysis (34)
 r - a wand of light (20)
 x - a wand of roots (17)
 F - a wand of mindburst (15)
Scrolls
 j - a scroll of poison
 u - a scroll of fear
 y - a scroll of vulnerability
Potions
 a - 5 potions of berserk rage
 g - 5 potions of enlightenment
 i - 5 potions of curing
 k - 2 potions of cancellation
 l - 2 potions of haste
 s - a potion of lignification {unknown}
 w - a potion of magic
 A - a potion of heal wounds
 E - a potion of might


   Skills:
 + Level 3.3 Fighting
 - Level 18.0 Axes
 + Level 2.2 Armour
 - Level 1.7 Dodging
 * Level 1.6 Shields


You had 11 spell levels left.
You didn't know any spells.
Your spell library was empty.

Dungeon Overview and Level Annotations

Branches:
Dungeon (11/15)            Temple (0/1) D:5             Orc (0/2) D:10
Ossuary (visited)          Bailey (visited)
   Lair: D:8-11

Altars:
Ashenzari
Dithmenos
Gozag
Hepliaklqana
Makhleb
Okawaru
Ru
Sif Muna
Vehumet
Wu Jian
Xom

Shops:
D:6 (   D:7 ?   D:10 [


Innate Abilities, Weirdness & Mutations

You are completely covered in slimy green scales. (AC +4, rPois)
A weak demonic guardian rushes to your aid.
Spells you cast may paralyse adjacent enemies.


Message History

You slash the komodo dragon!
Lightning courses through the komodo dragon!
You block the komodo dragon's attack.
The two-headed ogre hits you with a +0 giant spiked club!
You block the two-headed ogre's attack.
A boulder beetle comes into view.
You are too injured to fight recklessly!
You feel better.
Your surroundings seem slightly different.
You block the komodo dragon's attack. The komodo dragon bites you!
The boulder beetle moves out of view.
The komodo dragon bites you!!
* * * LOW HITPOINT WARNING * * *
A demonic guardian appears!
The two-headed ogre hits your shadow imp with a +0 giant spiked club!!
Your shadow imp dies!
Your shadow imp disappears in a puff of smoke!
Things that are here:
a +0 giant club; a +0 giant club; a two-headed ogre corpse
As you read the scroll of fog, it dissolves into smoke.
The komodo dragon bites you but does no damage.
The komodo dragon bites you.
* * * LOW HITPOINT WARNING * * *
The two-headed ogre hits you with a +0 giant spiked club.
* * * LOW HITPOINT WARNING * * *
The two-headed ogre barely misses you.
Found a stone staircase leading down.
The two-headed ogre attacks as it pursues you!
The two-headed ogre hits you but does no damage.
The two-headed ogre hits you with a +0 giant spiked club.
* * * LOW HITPOINT WARNING * * *
The two-headed ogre attacks as it pursues you!
The two-headed ogre hits you but does no damage. x2
Found 5 poisoned darts.
The two-headed ogre attacks as it pursues you!
The two-headed ogre hits you with a +0 giant spiked club!
* * * LOW HITPOINT WARNING * * *
A demonic guardian appears!
The two-headed ogre hits you with a +0 giant spiked club!
You die...

##§# ##§##
##Bo§#
#§l#$..... #
##.##B###.###
#.#..§§§§§ .#
#...###§§# #
#.#...O§#.#
###@#####
#........5....#
###..>....(.###
#.........#
###########


You could see a two-headed ogre (ally target) and a friendly ufetubus (summoned,
wandering).

Vanquished Creatures
  A centaur warrior (D:12)
  3 two-headed ogres
  Amaemon (D:9)
  Lodul (D:11)
  Pikel (D:7)
  An orange demon (D:9)
  The ghost of biznut the Vexing, a novice SpEn of Elyvilon (D:7)
  2 unseen horrors (D:11)
  A kobold demonologist (D:11)
  A komodo dragon (D:11)
  4 trolls
  Grinder (D:6)
  5 shadows
  Sigmund (D:5)
  A wyvern (D:11)
  A wraith (D:12)
  2 yaks (D:10)
  Eustachio (D:5)
  A steam dragon (D:8)
  3 vampire mosquitoes
  A water moccasin (D:9)
  6 acid dragons
  2 ice beasts
  8 orc warriors
  A black bear (D:7)
  A sky beast (D:6)
  10 ogres
  3 lemures (D:7)
  11 centaurs
  3 phantoms
  3 kobold brigands
  6 bullfrogs
  3 gnoll sergeants
  3 scorpions
  9 water moccasin zombies
  A burial acolyte (Ossuary)
  6 wights
  8 killer bees
  An electric eel (D:11)
  7 howler monkeys
  4 crimson imps (D:8)
  A bullfrog zombie (D:5)
  A centaur zombie (D:5)
  A bombardier beetle (D:5)
  3 hounds
  5 jellies
  14 orc priests
  A sleepcap (D:4)
  Jessica (D:2)
  6 iguanas
  Ijyb (D:4)
  Natasha (thrice) (D:2)
  9 orc wizards
  A scorpion zombie (D:5)
  A crocodile zombie (Ossuary)
  A bullfrog simulacrum (Ossuary)
  A hound zombie (D:5)
  3 mummies
  11 gnolls
  7 adders
  3 white imps
  8 ufetubi
  4 adder zombies (Ossuary)
  3 ribbon worms (D:2)
  2 dart slugs
  51 orcs
  8 ball pythons
  3 bats
  4 endoplasms
  2 giant cockroaches
  10 gnoll zombies (Ossuary)
  14 goblins
  13 hobgoblins
  4 jackals (D:1)
  27 kobolds
  4 quokkas
  5 frilled lizards
  5 jackal zombies (Ossuary)
  3 orc zombies (Ossuary)
  5 rats
379 creatures vanquished.

Vanquished Creatures (collateral kills)
  Psyche (D:9)
  Robin (D:2)
  An orc (D:8)
  A goblin (D:2)
  A kobold (Bailey)
5 creatures vanquished.

Vanquished Creatures (others)
  A centaur (D:11)
  An orc wizard (D:6)
2 creatures vanquished.

Grand Total: 386 creatures vanquished

Notes
Turn   | Place    | Note
-------+----------+-------------------------------------------
     0 | D:1      | ChodeyFoster420 the Demonspawn Berserker began the quest
                  | for the Orb.
     0 | D:1      | Reached XP level 1. HP: 18/18 MP: 1/1
   186 | D:1      | Reached skill level 3 in Axes
   200 | D:1      | Gained mutation: A weak demonic guardian rushes to your
                  | aid. [demonic ancestry]
   200 | D:1      | Reached XP level 2. HP: 24/24 MP: 2/2
   792 | D:2      | Noticed Jessica
   798 | D:2      | Killed Jessica
   799 | D:2      | Reached skill level 4 in Axes
   799 | D:2      | Reached XP level 3. HP: 27/29 MP: 3/3
   799 | D:2      | Reached ** piety under Trog
   969 | D:2      | Noticed Natasha
   978 | D:2      | Killed Natasha
   979 | D:2      | Gained mutation: You are partially covered in slimy green
                  | scales. (AC +2) [demonic ancestry]
   979 | D:2      | Reached XP level 4. HP: 29/35 MP: 4/4
  1157 | D:2      | Noticed Natasha
  1160 | D:2      | Noticed Robin
  1172 | D:2      | Killed Natasha
  1173 | D:2      | Reached skill level 5 in Axes
  1195 | D:2      | Killed Robin
  1196 | D:2      | Reached XP level 5. HP: 9/41 MP: 5/5
  1541 | D:2      | Noticed Natasha
  1554 | D:2      | Killed Natasha
  1863 | D:2      | Identified a scroll of acquirement
  1863 | D:2      | Acquired a +2 broad axe of electrocution
  2061 | D:3      | Found a radiant altar of Vehumet.
  2271 | D:3      | Found a broken altar of Ashenzari.
  2357 | D:3      | Reached skill level 6 in Axes
  2485 | D:3      | Found an ornate altar of the Wu Jian Council.
  2645 | D:4      | Noticed Ijyb
  2664 | D:4      | Reached *** piety under Trog
  2686 | D:3      | Gained mutation: You are mostly covered in slimy green
                  | scales. (AC +3) [demonic ancestry]
  2686 | D:3      | Reached XP level 6. HP: 18/47 MP: 6/6
  2830 | D:4      | Killed Ijyb
  2986 | D:4      | Reached skill level 7 in Axes
  3031 | D:4      | Gained mutation: You are completely covered in slimy green
                  | scales. (AC +4, rPois) [demonic ancestry]
  3031 | D:4      | Reached XP level 7. HP: 27/52 MP: 7/7
  3794 | D:5      | Entered Level 5 of the Dungeon
  3808 | D:5      | Noticed Eustachio
  3815 | D:5      | Noticed Sigmund
  4129 | D:5      | Reached skill level 8 in Axes
  4250 | D:5      | Identified the +3 mace "Hahur" {flame, rF- Will- Int+5
                  | SInv}
  4388 | D:5      | Identified the +3 robe of Insurance {rC++}
  4542 | D:5      | Found a staircase to the Ecumenical Temple.
  4566 | D:5      | Reached skill level 9 in Axes
  4566 | D:5      | Reached XP level 8. HP: 25/58 MP: 8/8
  4794 | D:5      | Killed Sigmund
  4951 | D:5      | Reached skill level 10 in Axes
  5390 | D:5      | Killed Eustachio
  5391 | D:5      | Reached skill level 11 in Axes
  5413 | D:6      | Found a sacrificial altar of Ru.
  5503 | D:6      | Reached **** piety under Trog
  5504 | D:6      | Reached XP level 9. HP: 63/63 MP: 9/9
  5644 | D:6      | Found a shimmering blue altar of Sif Muna.
  5681 | D:6      | Noticed Grinder
  5686 | D:6      | Paralysed by Grinder for 3 turns
  5690 | D:6      | Paralysed by Grinder for 4 turns
  5695 | D:6      | Killed Grinder
  5721 | D:6      | Found Jyziam's Weapon Emporium.
  5879 | D:6      | Found a sand-covered staircase.
  5888 | Ossuary  | Entered an ossuary
  5924 | Ossuary  | Reached skill level 12 in Axes
  6053 | Ossuary  | Reached ***** piety under Trog
  6442 | D:6      | Found a shadowy altar of Dithmenos.
  6672 | D:7      | Reached skill level 13 in Axes
  6690 | D:7      | Found Baetadod's Magic Scroll Shop.
  6694 | D:7      | Bought a scroll of enchant armour for 97 gold pieces
  6694 | D:7      | Bought a scroll of enchant weapon for 97 gold pieces
  6769 | D:7      | Received a gift from Trog
  6786 | D:7      | Found a flagged portal.
  6798 | Bailey   | Entered a bailey
  6972 | Bailey   | Gained mutation: Spells you cast may paralyse adjacent
                  | enemies. [demonic ancestry]
  6972 | Bailey   | Reached XP level 10. HP: 61/70 MP: 10/10
  7169 | D:7      | Noticed biznut's ghost (novice SpEn)
  7176 | D:7      | Found a runed translucent door.
  7461 | D:7      | Noticed Pikel
  7473 | D:7      | Killed Pikel
  7474 | D:7      | Reached skill level 14 in Axes
  7552 | D:7      | Identified the +2 ring mail "Bayf Ydit" {^Contam rC+ MP+9}
  7555 | D:7      | Found an opulent altar of Gozag.
  7703 | D:7      | Killed biznut's ghost
  8053 | D:8      | Noticed a two-headed ogre
  8066 | D:8      | Killed a two-headed ogre
  8312 | D:8      | Reached skill level 15 in Axes
  8885 | D:8      | Found a shimmering altar of Xom.
  9428 | D:9      | Reached XP level 11. HP: 30/74 MP: 11/11
  9669 | D:9      | Noticed Amaemon
  9681 | D:9      | Killed Amaemon
 10074 | D:9      | Reached skill level 16 in Axes
 10108 | D:9      | Noticed Psyche
 10137 | D:9      | Killed Psyche
 10602 | D:10     | Entered Level 10 of the Dungeon
 11309 | D:10     | Found a staircase to the Orcish Mines.
 11332 | D:10     | Found a hazy altar of Hepliaklqana.
 11335 | D:10     | Found an iron altar of Okawaru.
 11340 | D:10     | Found a burning altar of Makhleb.
 11538 | D:10     | Found Feguz's Antique Armour Emporium.
 11680 | D:11     | Noticed Lodul
 11694 | D:11     | Reached skill level 17 in Axes
 11694 | D:11     | Killed Lodul
 11931 | D:11     | HP: 4/112 [gnoll sergeant/+0 spear (10)]
 12181 | D:11     | Identified the +7 mace of Miym {heavy, rC- rN+ Dex+2}
 12426 | D:11     | Noticed a two-headed ogre
 12434 | D:11     | Killed a two-headed ogre
 12634 | D:11     | Identified the +6 whip "Demonbane" {flame, Dex+2}
 12693 | D:11     | You are sucked into a shaft and drop 1 floor!
 12705 | D:12     | Noticed a centaur warrior
 12715 | D:12     | Reached XP level 12. HP: 68/81 MP: 12/12
 12723 | D:12     | Killed a centaur warrior
 12726 | D:12     | Reached skill level 18 in Axes
 12733 | D:12     | Noticed a boulder beetle
 12847 | D:12     | Noticed a two-headed ogre
 12857 | D:12     | Killed a two-headed ogre
 12858 | D:12     | Reached skill level 1 in Shields
 12864 | D:12     | Noticed a two-headed ogre
 12870 | D:12     | Noticed a boulder beetle
 12877 | D:12     | HP: 2/81 [two-headed ogre/+0 giant spiked club (13)]
 12877 | D:12     | Demolished by a two-headed ogre

Illustrated notes

Levels and vault maps discovered:
D:1:      tarquinn_simple_flora_water_c, layout_loops_cross, minmay_tromino_v4_c
D:2:      layout_basic, uniq_robin, uniq_natasha, uniq_jessica
D:3:      layout_rooms, mainiacjoe_overflow_alcove_4, nicolae_vehumet_radiance,
          nicolae_wu_jian_wuxing_cycle, nicolae_underground_beach
D:4:      layout_loops_ring, uniq_ijyb
D:5:      layout_loops_corners, minmay_temple_entry_statues, serial_undead,
          serial_undead_e, serial_undead_c, serial_undead_c, serial_undead_b,
          uniq_eustachio, uniq_sigmund
D:6:      layout_cave_pools, led_sif_book, grunt_dithmenos_shadows,
          mainiacjoe_overflow_brackets, gup_ossuary_entry_pyramid, serial_shops,
          shop_fountains, uniq_grinder
D:7:      layout_basic, nicolae_overflow_crystal_walls, serial_shops,
          nicolae_shop_hallway_stairs, enter_bailey_2,
          hellmonk_ghost_happy_afterlife, uniq_pikel
D:8:      layout_basic, led_xom_imps, tso_altar, minivault_11,
          minmay_misc_feat_five, minmay_liquid_box
D:9:      layout_basic, dk_noncrumbling_2, uniq_psyche, uniq_amaemon
D:10:     layout_basic, zin_scriptorium, grunt_temple_overflow_diamond,
          orc_0_dummy, serial_shops, shop, st_stairs_9
D:11:     layout_irregular_city, lair_entry_dummy, kennysheep_potato, uniq_lodul
D:12:     minmay_the_grid_net [minmay_the_grid_minigrid_large,
          minmay_the_grid_mess, minmay_the_grid_empty, minmay_the_grid_tree,
          minmay_the_grid_slots, minmay_the_grid_prize_inner_circle],
          layout_rooms

Skill      XL: |  1  2  3  4  5  6  7  8  9 10 11 12 |
---------------+-------------------------------------+-----
Axes           | 3 4 5 6 7 9 11 13 15 17 18 | 18.0
Armour         | 2 |  2.2
Shields        | 1 |  1.6
Fighting       | |  3.3
Dodging        | |  1.7

Action                     |  1- 3 |  4- 6 |  7- 9 | 10-12 || total
---------------------------+-------+-------+-------+-------++-------
  Melee: Hand axe          |    79 |    58 |       |       ||   137
         Broad axe         |       |   102 |   385 |   405 ||   892
         Punch             |       |     1 |     1 |       ||     2
         Unarmed           |       |       |       |     2 ||     2
  Throw: Boomerang         |       |     5 |    54 |       ||    59
 Invoke: Berserk           |     1 |     4 |     3 |    11 ||    19
         Trog's Hand       |       |     1 |       |     3 ||     4
         Brothers in Arms  |       |       |       |     2 ||     2
  Evoke: Wand              |       |       |     1 |       ||     1
    Use: Scroll            |     2 |     4 |    14 |    15 ||    35
         Potion            |       |     1 |       |     6 ||     7
   Stab: Sleeping          |     1 |     1 |       |       ||     2
         Distracted        |       |       |     2 |     1 ||     3
 Armour: Animal skin       |    42 |    67 |       |       ||   109
         Ring mail         |       |    37 |     4 |       ||    41
         Plate armour      |       |       |   370 |   405 ||   775
         Skin              |       |       |       |    14 ||    14
  Dodge: Dodged            |    38 |   103 |   112 |   118 ||   371
         Repelled          |       |     4 |     3 |     4 ||    11
  Block: Kite shield       |       |       |       |   171 ||   171
